 Dungeon Crawl Stone Soup version 0.20.0-15-g7f486f2 (webtiles) character file.

13981 sscrono2 the Covert (level 12, -6/79 HPs)
             Began as an Octopode Assassin on June 18, 2017.
             Was an Initiate of Gozag.
             Engulfed by a cloud of flame (18 damage)
             ... in a volcano.
             The game lasted 00:39:36 (14311 turns).

sscrono2 the Covert (Octopode Assassin)            Turns: 14311, Time: 00:39:36

Health: -6/79      AC:  7    Str: 18    XL:     12   Next: 11%
Magic:  12/12      EV: 20    Int: 14    God:    Gozag
Gold:   231        SH:  0    Dex: 21    Spells: 10/11 levels left

rFire    + . .     SeeInvis +   u - +0 great sword
rCold    + + .     Gourm    .   (shield currently unavailable)
rNeg     + . .     Faith    .   (helmet restricted)
rPois    +         Spirit   .   y - amulet of the Four Winds {rN+ MR+++ Clar}
rElec    +         Reflect  .   A - ring of stealth
rCorr    +         Harm     .   G - +2 ring of evasion
MR       +++..     Clarity  +   J - ring "Eliulyu" {Str+3 Dex+4 Slay+5}
Stlth    +++++++++.             P - ring of Muaps {*Contam Str+4 Slay+2}
Regen    0.3/turn               C - ring of stealth
MPRegen  0.2/turn               Q - ring "Zipt" {rPois SInv}
                                S - ring of stealth
                                Y - +4 ring of protection

@: resistant, berserk cooldown, slowed, very slow
A: almost no armour, stealthy swim, amphibious, 8 rings, constrict 8, camouflage
1, cold resistance 1, deterioration 1, shaggy fur 2, gelatinous body 1
a: Potion Petition, Call Merchant, Bribe Branch, Renounce Religion


You were in a volcano.
You worshipped Gozag.
Gozag was aware of your devotion.
You were not hungry.

You visited 3 branches of the dungeon, and saw 14 of its levels.
You also visited: Volcano.

You collected 2528 gold pieces.
You spent 1810 gold pieces at shops.
You paid 487 gold pieces to Gozag.

Inventory:

Hand Weapons
 a - a +2 dagger
 b - a +0 blowgun
 u - a +0 great sword (weapon)
Missiles
 c - 32 poisoned needles
 d - 9 curare-tipped needles
 p - 6 needles of sleeping
 s - 4 needles of paralysis
 I - 6 needles of frenzy
Armour
 i - a +0 large shield
Magical Staves
 D - an uncursed staff of earth
 F - an uncursed staff of conjuration
Jewellery
 y - the amulet of the Four Winds (around mantle) {rN+ MR+++ Clar}
   (You found it on level 6 of the Dungeon)

   [amulet of nothing]

   It protects you from negative energy.
   It affects your resistance to hostile enchantments.
   It protects you against confusion.
 A - a ring of stealth (left tentacle)
 C - a ring of stealth (on tentacle)
 G - a +2 ring of evasion (right tentacle)
 J - the ring "Eliulyu" (on tentacle) {Str+3 Dex+4 Slay+5}
   (You bought it in a shop on level 5 of the Dungeon)

   [ring of dexterity]

   It affects your strength (+3).
   It affects your dexterity (+4).
   It affects your accuracy and damage with ranged weapons and melee attacks
   (+5).
 P - the ring of Muaps (on tentacle) {*Contam Str+4 Slay+2}
   (You bought it in a shop on level 5 of the Dungeon)

   [ring of slaying]

   It affects your strength (+4).
   It affects your accuracy and damage with ranged weapons and melee attacks
   (+2).
   It causes magical contamination when unequipped.
 Q - the ring "Zipt" (on tentacle) {rPois SInv}
   (You bought it in a shop on level 5 of the Dungeon)

   [ring of poison resistance]

   It protects you from poison.
   It lets you see invisible.
 S - a ring of stealth (on tentacle)
 Y - a +4 ring of protection (on tentacle)
Wands
 q - a wand of disintegration (8/24)
 E - a wand of digging (14/24)
 H - a wand of disintegration (6/24)
 U - a wand of paralysis (18/24)
Scrolls
 e - 2 scrolls of immolation
 g - a scroll of fear
 h - 2 scrolls of enchant weapon
 l - a scroll of enchant armour {unknown}
 n - a scroll of magic mapping
 o - 5 scrolls of teleportation
 r - 6 scrolls of remove curse
 t - 4 scrolls of amnesia
 v - 5 scrolls of recharging
 z - a scroll of blinking {unknown}
 K - a scroll of noise {unknown}
 O - a scroll of random uselessness {unknown}
 T - a scroll of torment {unknown}
 V - a scroll of fog {unknown}
 X - a scroll of silence {unknown}
Potions
 j - a potion of brilliance
 m - a potion of invisibility
 w - 2 potions of lignification
 L - 2 potions of berserk rage
 N - 2 potions of flight
 R - 2 potions of magic
 W - 2 potions of ambrosia
Miscellaneous
 x - a box of beasts
Comestibles
 f - 8 bread rations
 k - 8 royal jellies


   Skills:
 + Level 6.0 Fighting
 * Level 9.7(11.0) Short Blades
 * Level 8.6(10.5) Long Blades
 - Level 5.6 Throwing
 + Level 6.2 Dodging
 + Level 10.4 Stealth
 * Level 8.4 Shields


You had 10 spell levels left.
You knew the following spells:

 Your Spells              Type           Power        Failure   Level  Hunger
a - Apportation           Tloc           #.....       28%         1    ##.....


Dungeon Overview and Level Annotations

Branches:
Dungeon (10/15)            Temple (1/1) D:4            Lair (3/6) D:9
  Swamp: Lair:2-4    Shoals: Lair:2-4     Snake: Lair:2-4    Spider: Lair:2-4
    Orc: D:9-12

Altars:
Ashenzari
Cheibriados
Dithmenos
Elyvilon
Fedhas
Gozag
Hepliaklqana
Kikubaaqudgha
Makhleb
Nemelex Xobeh
Okawaru
Qazlal
Ru
Sif Muna
Trog
Uskayaw
Vehumet
Xom
Yredelemnul
Zin
The Shining One

Shops:
D:5 *:=   D:8 :   D:9 *


Innate Abilities, Weirdness & Mutations

You cannot wear most types of armour.
You are very stealthy in the water. (Stealth+)
You are amphibious.
You can wear up to eight rings at the same time.
You can use your tentacles to constrict eight enemies at once.
Your skin changes colour to match your surroundings (Stealth+).
Your rubbery body absorbs attacks. (AC +1, EV +1)
Your flesh is cold resistant. (rC+)
Your body sometimes deteriorates upon taking damage.
You are covered in thick fur. (AC +2)


Message History

You open the door.
A fire vortex comes into view.
The fire vortex moves out of view.
An efreet comes into view. It is wielding a scimitar of flaming.
There is an open door here.
You close the door.
As you read the scroll of teleportation, it crumbles to dust.
You feel strangely unstable.
Your surroundings suddenly seem different. 2 lindwurms, a molten gargoyle and a toenail golem come into view.
As you read the scroll of teleportation, it crumbles to dust.
You feel strangely unstable.
The lindwurm roars!
The lindwurm breathes flames at you. The blast of flame hits you! You resist.
* * * LOW HITPOINT WARNING * * *
Your surroundings suddenly seem different.
You are engulfed in blazing flames.
You resist.
You die...
Your body crumbles into a pile of gold.

##.# ###'#+#
####.§###..###
##.§§§≈§##≈≈8..###
###..≈§≈≈v##≈≈≈§...#
#..≈≈≈§≈≈###.≈≈≈≈≈.#
#..≈≈≈§§≈≈##kk≈≈≈..#
###..§§≈≈≈#≈9≈≈≈..##
###.@§≈≈#≈≈≈...#
###§.###...##
###+#+### #§# .§#
.≈≈≈ §≈≈§≈ §§≈§§§#
##R§§≈≈#


You could see a fire vortex.

Vanquished Creatures
  2 two-headed ogres
  The ghost of azarias the Brawler, a novice TrMo of Ru (D:10)
  The ghost of FeralThallid the Carver, a novice HuFi of Trog (Lair:1)
  Maurice (D:8)
  A rime drake (Lair:1)
  An efreet (Volcano)
  2 komodo dragons
  2 trolls
  4 hippogriffs
  A human (D:7)
  8 yaks
  5 fire elementals (Volcano)
  2 hogs (D:7)
  A hungry ghost (D:9)
  The ghost of sscrono2 the Sneak, an amateur OpAs (D:5)
  6 water moccasins
  4 orc warriors
  2 sky beasts
  4 ice beasts
  7 ogres
  2 phantoms
  8 centaurs
  2 crocodiles (Lair:1)
  A big kobold (D:9)
  15 bullfrogs
  A wyvern zombie (D:9)
  A wyvern skeleton (D:8)
  2 scorpions
  A water moccasin skeleton (D:10)
  6 killer bees
  A wight (D:10)
  An electric eel (Lair:2)
  5 crimson imps
  2 bullfrog zombies
  3 jellies
  2 orc priests
  5 hounds
  6 bullfrog skeletons
  2 centaur skeletons
  5 iguanas
  An orc wizard (D:10)
  6 worker ants
  2 worker ant zombies
  4 gnolls
  A howler monkey skeleton (D:4)
  15 adders
  9 shadow imps
  An ooze (D:7)
  2 adder zombies (D:7)
  3 worms
  4 dart slugs
  7 leopard geckos
  30 orcs
  4 ball pythons
  6 giant cockroaches
  8 goblins
  4 hobgoblins
  8 jackals
  3 quokkas
  8 bats
  2 frilled lizards (D:4)
  A giant cockroach zombie (D:3)
  14 kobolds
  A leopard gecko skeleton (D:6)
  A leopard gecko zombie (D:8)
  3 quokka skeletons
  A quokka zombie (D:5)
  8 rats
  A fire vortex (Volcano)
  2 plants
287 creatures vanquished.

Vanquished Creatures (others)
  4 plants (D:9)
4 creatures vanquished.

Grand Total: 291 creatures vanquished

Notes
Turn   | Place    | Note
-------+----------+-------------------------------------------
     0 | D:1      | sscrono2 the Octopode Assassin began the quest for the Orb.
     0 | D:1      | Reached XP level 1. HP: 14/14 MP: 1/1
    69 | D:1      | Reached XP level 2. HP: 15/19 MP: 2/2
   577 | D:1      | Reached XP level 3. HP: 24/24 MP: 3/3
  1352 | D:2      | Reached XP level 4. HP: 30/30 MP: 4/4
  2084 | D:3      | Found a blossoming altar of Fedhas.
  2421 | D:3      | Found an iron altar of Okawaru.
  2646 | D:3      | Reached skill level 6 in Stealth
  2910 | D:4      | Reached XP level 5. HP: 31/35 MP: 5/5
  2936 | D:4      | Reached skill level 1 in Long Blades
  3144 | D:4      | Found a staircase to the Ecumenical Temple.
  3226 | Temple   | Entered the Ecumenical Temple
  3448 | Temple   | Became a worshipper of Gozag Ym Sagoz the Greedy
  3792 | D:4      | Reached XP level 6. HP: 41/41 MP: 6/6
  4262 | D:5      | Entered Level 5 of the Dungeon
  4283 | D:5      | Found Jioji's General Store.
  4284 | D:5      | Noticed sscrono2's ghost (amateur OpAs)
  4306 | D:5      | Killed sscrono2's ghost
  4306 | D:5      | Reached XP level 7. HP: 17/45 MP: 7/7
  4432 | D:5      | Bought a scroll of teleportation for 33 gold pieces
  4432 | D:5      | Bought a potion of degeneration for 11 gold pieces
  4432 | D:5      | Bought a +0 large shield for 49 gold pieces
  4432 | D:5      | Bought a scroll of amnesia for 38 gold pieces
  4432 | D:5      | Bought a meat ration for 55 gold pieces
  4440 | D:5      | Found a blossoming altar of Fedhas.
  4461 | D:5      | Found Ybiann's Book Boutique.
  4826 | D:5      | Found Waz Kikiorgh's Jewellery Boutique.
  4900 | D:5      | Found a shattered altar of Ashenzari.
  5005 | D:5      | Found a sacrificial altar of Ru.
  5007 | D:5      | Found a radiant altar of Vehumet.
  5019 | D:5      | Reached skill level 1 in Shields
  5171 | D:6      | Reached skill level 7 in Stealth
  5286 | D:6      | Reached skill level 5 in Short Blades
  5286 | D:6      | Reached XP level 8. HP: 52/52 MP: 8/8
  6011 | D:6      | Gained mutation: You are dopey. (Int -2) [potion of mutation]
  6011 | D:6      | Gained mutation: Your muscles are strong. (Str +2) [potion of mutation]
  6813 | D:7      | Found a stormy altar of Qazlal.
  7256 | D:7      | Reached XP level 9. HP: 58/58 MP: 9/9
  7759 | D:7      | Reached skill level 8 in Stealth
  8034 | D:8      | Noticed a two-headed ogre
  8037 | D:8      | Killed a two-headed ogre
  8037 | D:8      | Reached skill level 5 in Long Blades
  8037 | D:8      | Reached skill level 5 in Shields
  8062 | D:8      | Noticed Maurice
  8065 | D:8      | Killed Maurice
  8065 | D:8      | Reached skill level 5 in Throwing
  8065 | D:8      | Reached XP level 10. HP: 65/65 MP: 10/10
  8083 | D:8      | Found a burning altar of Makhleb.
  8471 | D:8      | Lost mutation: You are dopey. (Int -2) [potion of mutation]
  8471 | D:8      | Lost mutation: Your muscles are strong. (Str +2) [potion of mutation]
  8471 | D:8      | Gained mutation: You are covered in fur. (AC +1) [potion of mutation]
  8471 | D:8      | Gained mutation: You are partially covered in yellow scales. (AC +2) [potion of mutation]
  8471 | D:8      | Gained mutation: Your body sometimes deteriorates upon taking damage. [potion of mutation]
  8471 | D:8      | Gained mutation: You are covered in thick fur. (AC +2) [potion of mutation]
  8472 | D:8      | Lost mutation: Your body sometimes deteriorates upon taking damage. [potion of mutation]
  8472 | D:8      | Lost mutation: You are partially covered in yellow scales. (AC +2) [potion of mutation]
  8472 | D:8      | Gained mutation: Your body sometimes deteriorates upon taking damage. [potion of mutation]
  8472 | D:8      | Gained mutation: Your flesh is cold resistant. (rC+) [potion of mutation]
  8686 | D:8      | Found Fahub's Book Shop.
  9016 | D:5      | Bought the ring "Eliulyu" {Str+3 Dex+4 Slay+5} for 796 gold pieces
  9177 | D:9      | Reached skill level 9 in Stealth
  9512 | D:9      | Reached skill level 5 in Fighting
  9949 | D:9      | Noticed a two-headed ogre
  9956 | D:9      | Killed a two-headed ogre
  9956 | D:9      | Reached skill level 5 in Dodging
 10175 | D:9      | Found Atzifuf's Serpentskin Sales.
 10177 | D:9      | Reached XP level 11. HP: 72/72 MP: 11/11
 10343 | D:9      | Bought 3 curare-tipped needles for 23 gold pieces
 10394 | D:9      | Found a staircase to the Lair.
 10666 | D:5      | Bought the ring of Muaps {*Contam Str+4 Slay+2} for 400 gold pieces
 10962 | D:10     | Entered Level 10 of the Dungeon
 11200 | D:10     | Noticed azarias's ghost (novice TrMo)
 11438 | D:10     | Killed azarias's ghost
 11861 | D:10     | Reached skill level 10 in Stealth
 12201 | D:5      | Bought the ring "Zipt" {rPois SInv} for 405 gold pieces
 12369 | Lair:1   | Entered Level 1 of the Lair of Beasts
 12407 | Lair:1   | Noticed FeralThallid's ghost (novice HuFi)
 12422 | Lair:1   | Killed FeralThallid's ghost
 13400 | Lair:2   | Learned a level 1 spell: Apportation
 14207 | Lair:3   | Reached XP level 12. HP: 79/79 MP: 12/12
 14240 | Lair:3   | Found a dark tunnel.
 14247 | Volcano  | Entered a volcano
 14311 | Volcano  | Engulfed by a cloud of flame

Skill      XL: |  1  2  3  4  5  6  7  8  9 10 11 |
---------------+----------------------------------+-----
Short Blades   | 3 4 5 7 8 9 |  9.7
Stealth        | 6 7 8 9 10 | 10.4
Long Blades    | 1 2 3 4 5 7 8 |  8.6
Dodging        | 2 3 4 5 6 |  6.2
Throwing       | 3 4 5 |  5.6
Fighting       | 3 4 5 6 |  6.0
Shields        | 2 4 5 6 8 |  8.4

Action                   |  1- 3 |  4- 6 |  7- 9 | 10-12 || total
-------------------------+-------+-------+-------+-------++-------
Melee: Dagger            |    67 |   113 |    64 |   112 ||   356
       Constrict         |    14 |    26 |    31 |    54 ||   125
       Tentacles         |     9 |    31 |    33 |   102 ||   175
       Great sword       |       |    15 |    82 |   172 ||   269
 Fire: Blowgun           |       |       |    27 |    20 ||    47
Invok: Potion Petition   |       |     1 |       |     1 ||     2
Evoke: Wand              |       |       |       |     3 ||     3
  Use: Scroll            |     2 |       |     5 |    14 ||    21
       Potion            |       |     1 |     3 |     6 ||    10
 Stab: Sleeping          |    16 |    12 |    19 |    29 ||    76
       Distracted        |       |     1 |     1 |     7 ||     9
       Invisible         |       |     4 |       |       ||     4
       Paralysed         |       |       |       |     4 ||     4
  Eat: Chunk             |     1 |     6 |       |       ||     7
       Fruit             |       |     4 |       |     1 ||     5
       Meat ration       |       |       |     3 |     3 ||     6
       Royal jelly       |       |       |       |     2 ||     2
Armor: Skin              |     7 |     5 |     8 |    22 ||    42
Dodge: Dodged            |    31 |    56 |    84 |   218 ||   389
       Rpst.: Great sword |       |     4 |    22 |    52 ||    78
